 Dungeon Crawl Stone Soup version 0.28.0-1-gb440e238dd (webtiles) character file.

Game seed: 16223812222023845154

104 Ablot the Grasshopper (level 4, -1/38 HPs)
             Began as a Gnoll Warper on Feb 19, 2022.
             Slain by Ijyb (5 damage)
             ... while paralysed by Ijyb
             ... on level 4 of the Dungeon.
             The game lasted 00:02:18 (1666 turns).

Ablot the Grasshopper (Gnoll Warper)                Turns: 1666, Time: 00:02:19

Health: -1/38      AC:  3    Str: 13    XL:     4   Next: 80%
Magic:  11/11      EV:  2    Int: 12    God:
Gold:   62         SH:  0    Dex: 11    Spells: 11/13 levels left

rFire   + . .      SeeInvis .   a - +0 spear
rCold   x . .      Faith    .   (no shield)
rNeg    . . .      Spirit   .   b - +0 leather armour
rPois   .          Reflect  .   (no helmet)
rElec   .          Harm     .   (no cloak)
rCorr   .          Rampage  .   (no gloves)
Will    .....                   (no boots)
Stlth   +.........              (no amulet)
HPRegen 0.12/turn               o - ring of fire
MPRegen 0.12/turn               (no ring)

@: paralysed
A: fangs 1, strong nose, distributed training
a: no special abilities


You were on level 4 of the Dungeon.
You visited 1 branch of the dungeon, and saw 3 of its levels.

You collected 62 gold pieces.

Inventory:

Hand Weapons
 a - a +0 spear (weapon)
Missiles
 d - 5 boomerangs of dispersal (quivered)
 j - 44 stones
 m - 18 sling bullets
Armour
 b - a +0 leather armour (worn)
Jewellery
 h - a ring of flight
 o - a ring of fire (left hand)
Scrolls
 c - a scroll of blinking
 e - a scroll of summoning {unknown}
 f - 2 scrolls of identify {unknown}
 g - 2 scrolls of enchant armour {unknown}
 i - a scroll of teleportation {unknown}
 k - a scroll of immolation {unknown}
Potions
 l - a potion of invisibility {unknown}
 n - a potion of curing {unknown}


   Skills:
 + Level 4.7 Fighting
 + Level 1.2 Short Blades
 + Level 1.2 Long Blades
 + Level 1.2 Axes
 + Level 1.2 Maces & Flails
 + Level 4.7 Polearms
 + Level 1.2 Staves
 + Level 1.2 Slings
 + Level 1.2 Bows
 + Level 1.2 Crossbows
 + Level 2.8 Throwing
 + Level 2.8 Armour
 + Level 4.7 Dodging
 + Level 1.2 Stealth
 + Level 1.2 Shields
 + Level 1.2 Unarmed Combat
 + Level 5.1 Spellcasting
 + Level 1.0 Conjurations
 + Level 1.0 Hexes
 + Level 1.0 Summonings
 + Level 1.0 Necromancy
 + Level 5.5 Translocations
 + Level 1.0 Transmutations
 + Level 1.0 Fire Magic
 + Level 1.0 Ice Magic
 + Level 1.0 Air Magic
 + Level 1.0 Earth Magic
 + Level 1.0 Poison Magic
 + Level 1.3 Invocations
 + Level 1.2 Evocations


You had 11 spell levels left.
You knew the following spells:

 Your Spells              Type           Power      Damage    Failure   Level
a - Blink                 Tloc           32%        N/A       4%          2

Your spell library contained the following spells:

 Spells                   Type           Power      Damage    Failure   Level
 Gell's Gravitas          Tloc           16%        N/A       8%          3
 Lesser Beckoning         Tloc           16%        N/A       8%          3
 Teleport Other           Tloc           16%        N/A       8%          3
 Manifold Assault         Tloc           16%        N/A       58%         5


Dungeon Overview and Level Annotations

Branches:
Dungeon (4/15)
 Temple: D:4-7

Altars:

Annotations:
D:4 Eustachio, Ijyb


Innate Abilities, Weirdness & Mutations

You have very sharp teeth.
Your uncanny sense of smell can sniff out nearby items.
Your experience applies equally to all skills.


Message History

You barely miss Ijyb. Your bite misses Ijyb.
Ijyb is lightly wounded.
You barely miss Ijyb.
Ijyb is lightly wounded.
Ijyb zaps a wand.
You resist with some effort. The kobold hits you with a +0 dagger.
You hit Ijyb but do no damage. You punch Ijyb.
Ijyb is moderately wounded.
Ijyb hits you with a +0 dagger.
* * * LOW HITPOINT WARNING * * *
The kobold closely misses you.
You hit Ijyb but do no damage.
Ijyb is moderately wounded.
Ijyb barely misses you. The kobold completely misses you.
You hit Ijyb but do no damage.
Ijyb is moderately wounded.
Ijyb misses you. The kobold hits you with a +0 dagger.
* * * LOW HITPOINT WARNING * * *
You hit Ijyb.
Ijyb is moderately wounded.
Ijyb zaps a wand.
You resist with some effort. The kobold hits you with a +0 dagger.
* * * LOW HITPOINT WARNING * * *
You barely miss Ijyb. You bite Ijyb, but do no damage.
Ijyb is moderately wounded.
Ijyb hits you but does no damage. The kobold hits you with a +0 dagger.
* * * LOW HITPOINT WARNING * * *
You hit Ijyb but do no damage.
Ijyb is moderately wounded.
The kobold hits you but does no damage.
Ijyb screams, "Die!"
Ijyb misses you.
You hit Ijyb but do no damage.
Ijyb is moderately wounded.
Ijyb zaps a wand.
You suddenly lose the ability to move!
The now-empty wand crumbles to dust.
The kobold hits you but does no damage. The kobold hits you but does no damage.
Ijyb hits you with a +0 dagger.
* * * LOW HITPOINT WARNING * * *
Ijyb hits you with a +0 dagger.
You die...

##..........
##.#........
......$...# #
#........##.#
#..........
#.......# ..
#.!.gK..# ....
#...@...##...#
.....#...>......#.
..# #...........
#.........#
#.........##
#..........##
####.........##
##..............
##....†..........


You could see Ijyb and a kobold.

Vanquished Creatures
  A howler monkey (D:2)
  A gnoll (D:1)
  2 adders
  3 dart slugs
  6 endoplasms
  2 goblins (D:1)
  4 hobgoblins
  3 jackals (D:1)
  2 quokkas (D:1)
  3 ball pythons
  3 bats
  A frilled lizard (D:1)
  3 kobolds
  2 rats
36 creatures vanquished.

Notes
Turn   | Place    | Note
-------+----------+-------------------------------------------
     0 | D:1      | Ablot the Gnoll Warper began the quest for the Orb.
     0 | D:1      | Reached XP level 1. HP: 20/20 MP: 6/6
   127 | D:1      | Reached XP level 2. HP: 14/26 MP: 7/7
   130 | D:1      | Learned a level 2 spell: Blink
   604 | D:1      | Reached XP level 3. HP: 29/31 MP: 9/9
   638 | D:1      | Found a faded altar of an unknown god.
   648 | D:1      | Reached skill level 5 in Spellcasting
  1058 | D:2      | Reached skill level 1 in Invocations
  1217 | D:2      | Reached skill level 1 in Short Blades
  1217 | D:2      | Reached skill level 1 in Long Blades
  1217 | D:2      | Reached skill level 1 in Axes
  1217 | D:2      | Reached skill level 1 in Maces & Flails
  1217 | D:2      | Reached skill level 1 in Staves
  1217 | D:2      | Reached skill level 1 in Slings
  1217 | D:2      | Reached skill level 1 in Bows
  1217 | D:2      | Reached skill level 1 in Crossbows
  1217 | D:2      | Reached skill level 1 in Stealth
  1217 | D:2      | Reached skill level 1 in Shields
  1217 | D:2      | Reached skill level 1 in Unarmed Combat
  1217 | D:2      | Reached skill level 1 in Evocations
  1226 | D:2      | Reached XP level 4. HP: 13/38 MP: 11/11
  1246 | D:2      | Reached skill level 1 in Conjurations
  1246 | D:2      | Reached skill level 1 in Hexes
  1246 | D:2      | Reached skill level 1 in Summonings
  1246 | D:2      | Reached skill level 1 in Necromancy
  1246 | D:2      | Reached skill level 1 in Transmutations
  1246 | D:2      | Reached skill level 1 in Fire Magic
  1246 | D:2      | Reached skill level 1 in Ice Magic
  1246 | D:2      | Reached skill level 1 in Air Magic
  1246 | D:2      | Reached skill level 1 in Earth Magic
  1246 | D:2      | Reached skill level 1 in Poison Magic
  1584 | D:2      | You fall into a shaft and drop 2 floors!
  1594 | D:4      | Noticed Eustachio
  1636 | D:4      | Noticed Ijyb
  1637 | D:4      | Paralysed by Ijyb for 7 turns
  1664 | D:4      | Paralysed by Ijyb for 4 turns
  1666 | D:4      | Slain by Ijyb

Illustrated notes

Levels and vault maps discovered:
D:1:      dpeg_arrival_simpleton_b, layout_loops_ring, basic_ecumenical_altar
D:2:      layout_basic, st_stairs_14, fountainhead, minmay_small_reverse_x
D:4:      layout_cave_pools, kennysheep_okawaru_gauntlet, serial_shops, shop,
          st_stairs_9, nicolae_figureground_sparkle, uniq_eustachio, uniq_ijyb,
          uniq_robin

Skill      XL: |  1  2  3  4 |
---------------+-------------+-----
Spellcasting   | 5 |  5.1
Invocations    | 1 |  1.3
Short Blades   | 1 |  1.2
Long Blades    | 1 |  1.2
Axes           | 1 |  1.2
Maces & Flails | 1 |  1.2
Staves         | 1 |  1.2
Slings         | 1 |  1.2
Bows           | 1 |  1.2
Crossbows      | 1 |  1.2
Stealth        | 1 |  1.2
Shields        | 1 |  1.2
Unarmed Combat | 1 |  1.2
Evocations     | 1 |  1.2
Conjurations   | 1 |  1.0
Hexes          | 1 |  1.0
Summonings     | 1 |  1.0
Necromancy     | 1 |  1.0
Transmutations | 1 |  1.0
Fire Magic     | 1 |  1.0
Ice Magic      | 1 |  1.0
Air Magic      | 1 |  1.0
Earth Magic    | 1 |  1.0
Poison Magic   | 1 |  1.0
Fighting       | |  4.7
Polearms       | |  4.7
Throwing       | |  2.8
Armour         | |  2.8
Dodging        | |  4.7
Translocations | |  5.5

Action                   |  1- 3 |  4- 6 || total
-------------------------+-------+-------++-------
Melee: Spear             |   123 |    70 ||   193
       Bite              |     9 |    11 ||    20
       Punch             |       |     3 ||     3
 Stab: Sleeping          |     3 |       ||     3
Armor: Leather armour    |    13 |    18 ||    31
Dodge: Dodged            |    52 |    33 ||    85
